 Dungeon Crawl Stone Soup version 0.32-a0-630-g46d191b0ed (webtiles) character file.

Game seed: 4020829939832717258

126 dolemite99 the Conjurer (level 4, -25/33 HPs)
             Began as a Draconian Conjurer on Mar 7, 2024.
             Was an Initiate of Beogh.
             Annihilated by an ogre
             ... wielding a +0 giant club
              (27 damage)
             ... on level 4 of the Dungeon.
             The game lasted 00:03:02 (4826 turns).

dolemite99 the Conjurer (Draconian Conjurer)        Turns: 4826, Time: 00:03:03

Health: -25/33     AC:  5    Str: 15    XL:     4   Next: 83%
Magic:  3/7        EV: 12    Int: 21    God:    Beogh [......]
Gold:   176        SH:  0    Dex:  9    Spells: 4/7 levels left

rFire   . . .        b - staff of cold
rCold   + . .        (no shield)
rNeg    . . .        (body armour unavailable)
rPois   .            (helmet restricted)
rElec   .            (no cloak)
rCorr   .            (no gloves)
SInv    .            (no boots)
Will    .....        (no amulet)
Stlth   ++           g - +6 ring of strength
HPRegen 0.25/turn    (no ring)
MPRegen 0.10/turn

%: no passive effects
@: no status effects
A: AC +5, unfitting armour, cold-blooded
a: Renounce Religion


You were on level 4 of the Dungeon.
You worshipped Beogh.
Beogh was noncommittal.
You visited 1 branch of the dungeon, and saw 4 of its levels.

You collected 176 gold pieces.

Inventory:

Missiles
 m - 2 curare-tipped darts
 n - a throwing net
Magical Staves
 b - a staff of cold (weapon)
Jewellery
 g - a +6 ring of strength (left hand)
Scrolls
 d - 2 scrolls of noise {unknown}
 e - a scroll of revelation {unknown}
 f - a scroll of torment {unknown}
 h - a scroll of poison {unknown}
 i - 3 scrolls of identify {unknown}
 j - a scroll of enchant armour {unknown}
 k - 2 scrolls of vulnerability {unknown}
 q - a scroll of enchant weapon {unknown}
 r - 2 scrolls of amnesia {unknown}
 s - a scroll of teleportation {unknown}
 t - a scroll of fog {unknown}
 v - a scroll of blinking {unknown}
 x - a scroll of fear {unknown}
Potions
 a - a potion of magic
 c - 2 potions of curing {unknown}
 l - a potion of resistance {unknown}
 o - 2 potions of lignification {unknown}
 p - a potion of heal wounds {unknown}
 u - 2 potions of berserk rage {unknown}
 w - a potion of ambrosia {unknown}


   Skills:
 - Level 1.7 Dodging
 - Level 1.7 Stealth
 - Level 2.0 Spellcasting
 + Level 6.2 Conjurations


You had 4 spell levels left.
You knew the following spells:

 Your Spells              Type           Power      Damage    Failure   Level
a - Magic Dart            Conj           100%       1d8       1%          1
b - Searing Ray           Conj           56%        2d6       1%          2

Your spell library contained the following spells:

 Spells                   Type           Power      Damage    Failure   Level
 Sting                    Conj/Alch      60%        1d6       4%          1
 Apportation              Tloc           4%         N/A       14%         1
 Ensorcelled Hibernation  Hex/Ice        6%         N/A       22%         2
 Jinxbite                 Hex            4%         N/A       22%         2
 Mercury Vapours          Alch/Air       4%         N/A       22%         2
 Fulminant Prism          Conj/Alch      7%         3d7       38%         4
 Iskenderun's Mystic Bla  Conj/Tloc      15%        2d5       38%         4
 Fugue of the Fallen      Necr           2%         N/A       41%         3
 Anguish                  Hex/Necr       1%         N/A       82%         4
 Olgreb's Toxic Radiance  Alch           2%         N/A       82%         4
 Alistair's Intoxication  Alch           1%         N/A       99%         5


Dungeon Overview and Level Annotations

Branches:
Dungeon (4/15)
 Temple: D:4-7

Altars:


Innate Abilities, Weirdness & Mutations

Your plain brown scales are hard. (AC +5)
You cannot fit into any form of body armour.
You are cold-blooded and may be slowed by cold attacks.


Message History

Aim: an endoplasm (asleep, 100% to hit)
The magic dart hits the endoplasm!
You kill the endoplasm!
Beogh accepts your kill.
Casting: Magic Dart (safe; 1% risk of failure)
Confirm with . or Enter, or press ? or * to list all spells.
You can't see any susceptible monsters within range! (Use Z to cast anyway.)
Casting: Magic Dart (safe; 1% risk of failure)
Confirm with . or Enter, or press ? or * to list all spells.
You can't see any susceptible monsters within range! (Use Z to cast anyway.)
Things that are here:
a +0 dagger; an orc skeleton
x - a scroll labelled GEKHEOLUHA Done exploring.
Done exploring.
What level of the Dungeon? (default 3, ? - help)
There is a stone staircase leading down here.
You climb downwards.
The ogre shouts!
There is a stone staircase leading up here.
An ogre is nearby!
An ogre is nearby!
Casting: Magic Dart (safe; 1% risk of failure)
Confirm with . or Enter, or press ? or * to list all spells.
Aiming: Searing Ray (safe; 1% risk of failure)
Press: ? - help, Shift-Dir - straight line, f - ogre
Aim: an ogre, wielding a +0 giant club (90% to hit)
The searing ray hits the ogre!
The ogre is moderately wounded. (Press . to maintain the ray.)
The ogre hits you with a +0 giant club!!
Ouch! That really hurt!
* * * LOW HITPOINT WARNING * * *
The searing ray hits the ogre.
The ogre is heavily wounded.
The searing ray hits the ogre.
The ogre is severely wounded.
The ogre hits you with a +0 giant club!!
Ouch! That really hurt!
You die...

.... ... ..
#.#####
#.....#
#.....####.
#..........
#..@O.#
#######


You could see an ogre.

Vanquished Creatures
  5 adders
  A dart slug (D:2)
  A ribbon worm (D:2)
  8 orcs (D:3)
  6 bats
  6 endoplasms
  3 giant cockroaches
  9 goblins
  3 hobgoblins (D:2)
  7 ball pythons
  4 frilled lizards
  7 kobolds
  6 rats
66 creatures vanquished.

Notes
Turn   | Place    | Note
-------+----------+-------------------------------------------
     0 | D:1      | dolemite99 the Draconian Conjurer began the quest for the
                  | Orb.
     0 | D:1      | Reached XP level 1. HP: 14/14 MP: 3/3
   462 | D:1      | Reached XP level 2. HP: 20/20 MP: 1/5
   703 | D:1      | Learned a level 2 spell: Searing Ray
  1417 | D:2      | Reached skill level 5 in Conjurations
  1487 | D:2      | Reached XP level 3. HP: 26/26 MP: 2/6
  2963 | D:3      | Reached XP level 4. HP: 33/33 MP: 3/7
  3334 | D:3      | Became a worshipper of Beogh the Shepherd
  3707 | D:3      | Reached skill level 6 in Conjurations
  4823 | D:4      | Noticed an ogre
  4826 | D:4      | Annihilated by an ogre

Illustrated notes

Levels and vault maps discovered:
D:1:      dpeg_arrival_prison, layout_basic,
          hangedman_abyss_or_decor_lesser_grid, hangedman_decor_push
D:2:      minmay_inner_zag, layout_basic
D:3:      layout_basic, minmay_shallow_snake_nest
D:4:      layout_rooms, minmay_temple_entry_glass, uniq_natasha

Skill      XL: |  1  2  3  4 |
---------------+-------------+-----
Conjurations   | 5 6 |  6.2
Dodging        | |  1.7
Stealth        | |  1.7
Spellcasting   | |  2.0

Action                     |  1- 3 |  4- 6 || total
---------------------------+-------+-------++-------
  Melee: Staff             |       |     5 ||     5
   Cast: Magic Dart        |    78 |    36 ||   114
         Searing Ray       |     1 |     3 ||     4
 Invoke: Convert to Beogh  |       |     1 ||     1
 Armour: Skin              |    10 |    24 ||    34
  Dodge: Dodged            |    10 |    15 ||    25

Table legend: (Time is in decaauts)
 A = Elapsed time spent in this place.
 B = Non-inter-level travel time spent in this place.
 C = Inter-level travel time spent in this place.
 D = Time resting spent in this place.
 E = Time spent auto-exploring this place.
 F = Levels seen in this place.
 G = Mean time per level.
                   A        B        C        D        E       F      G
               +--------+--------+--------+--------+--------+-----+--------+
         Total |   4825 |   4738 |     87 |   1312 |   3016 |   4 | 1206.2 |
       Dungeon |   4825 |   4738 |     87 |   1312 |   3016 |   4 | 1206.2 |
               +--------+--------+--------+--------+--------+-----+--------+

Top non-repeatable levels by time:
     D:3: 2220 daAuts
     D:2: 1381 daAuts
     D:1: 1220 daAuts
     D:4: 2 daAuts
